 Dungeon Crawl Stone Soup version 0.19.0-20-gbc5f0c6 (webtiles) character file.

5490 Minion the Spear-Bearer (level 10, -5/74 HPs)
             Began as a Minotaur Gladiator on Nov 18, 2016.
             Succumbed to Sonja's curare-tipped needle
             ... on level 10 of the Dungeon.
             The game lasted 00:38:09 (9182 turns).

Minion the Spear-Bearer (Minotaur Gladiator)        Turns: 9182, Time: 00:38:10

Health: -5/74      AC: 11    Str: 26      XL:     10   Next: 42%
Magic:  11/11      EV: 16    Int:  4 (5)  God:
Gold:   457        SH: 12    Dex: 14      Spells: 0 memorised, 9 levels left

rFire  + . .     SeeInvis .     e - +0 spear (pierce)
rCold  + . .     Gourm    .     p - +0 chain mail
rNeg   . . .     Faith    .     y - +0 shield
rPois  +         Spirit   .     c - +0 hat
rElec  +         Reflect  .     (no cloak)
rCorr  +         Harm     .     (no gloves)
MR     .....                    G - +0 pair of boots
Stlth  ..........               (no amulet)
                                H - +4 ring of strength
                                g - +5 ring of evasion

@: lethally poisoned (-5 -> -80), resistant
A: retaliatory headbutt, horns 2, blurry vision 1, deterioration 1, strong 1
a: no special abilities


You were on level 10 of the Dungeon.
You were not hungry.

You visited 2 branches of the dungeon, and saw 11 of its levels.
You also visited: Ossuary.

You collected 553 gold pieces.
You spent 96 gold pieces at shops.

Inventory:

Hand Weapons
 a - a +0 war axe
 e - a +0 spear of piercing (weapon)
 r - a +2 whip of flaming
Missiles
 d - 3 throwing nets (quivered)
Armour
 c - a +0 hat (worn)
 p - a +0 chain mail (worn)
 y - a +0 shield (worn)
 G - a +0 pair of boots (worn)
Jewellery
 g - a +5 ring of evasion (left hand)
 w - an uncursed ring of protection from magic
 H - a +4 ring of strength (right hand)
 K - an uncursed ring of protection from fire
Wands
 u - a wand of lightning (1/15)
 z - a wand of lightning (5/15)
Scrolls
 h - 2 scrolls of noise
 k - 7 scrolls of identify
 l - a scroll of fog {unknown}
 n - 2 scrolls of random uselessness {unknown}
 q - a scroll of amnesia
 s - 3 scrolls of remove curse
 t - a scroll of vulnerability {unknown}
 x - 3 scrolls of enchant armour {unknown}
 B - 2 scrolls of magic mapping {unknown}
 D - 2 scrolls of enchant weapon {unknown}
 I - 2 scrolls of fear
Potions
 b - a potion of magic
 i - 2 potions of flight
 o - a potion of cancellation
 v - 3 potions of cure mutation
 A - 2 potions of ambrosia
 J - a potion of mutation
Books
 m - the Papyrus of Levity
   (You found it on level 8 of the Dungeon)

   Spells                             Type                      Level
   a - Swiftness                      Charms/Air                   2
   b - Spectral Weapon                Hexes/Charms                 3
   c - Throw Icicle                   Conjuration/Ice              4
   d - Excruciating Wounds            Charms/Necromancy            5
   e - Metabolic Englaciation         Hexes/Ice                    5
Comestibles
 f - 6 bread rations
 j - 4 meat rations
 C - 2 chunks of flesh


   Skills:
 - Level 2.4 Fighting
 - Level 5.1(9.1) Axes
 + Level 11.4(11.9) Polearms
 - Level 2.0 Throwing
 - Level 5.0 Armour
 - Level 7.0 Dodging
 * Level 9.9 Shields
   Level 3.9 Invocations


You had 9 spell levels left.
You didn't know any spells.

Dungeon Overview and Level Annotations

Branches:
Dungeon (10/15)            Temple (1/1) D:4            Lair (0/6) D:9
    Orc: D:9-12

Altars:
Ashenzari
Cheibriados
Dithmenos
Elyvilon
Fedhas
Gozag
Hepliaklqana
Kikubaaqudgha
Makhleb
Nemelex Xobeh
Okawaru
Qazlal
Ru
Sif Muna
Trog
Uskayaw
Vehumet
Xom
Yredelemnul
Zin
The Shining One

Shops:
D:7 ***(*   D:10 [

Annotations:
D:2 1 runed door
D:9 Jerry's ghost, novice TrMo
D:10 4 runed doors, Sonja


Innate Abilities, Weirdness & Mutations

You reflexively headbutt those who attack you in melee.
You have a pair of horns on your head.
Scrolls take you a little longer to read.
Your body sometimes deteriorates upon taking damage.
Your muscles are strong. (Str +2)


Message History

You can no longer animate legions of the dead.
You're too confused!
Your magical effects are unravelling.
You feel magically purged.
You feel less invigorated.
You feel yourself speed up.
You feel less confused.
* * * LOW HITPOINT WARNING * * *
You feel extremely sick.
Sonja says, "I'm academy-trained, you know."
Sonja casts a spell.
Sonja blinks!
It was a potion of resistance.
You feel protected.
* * * LOW HITPOINT WARNING * * *
You feel extremely sick.
Really renounce your faith, foregoing its fabulous benefits?
Are you sure you won't change your mind later?
You have lost your religion!
Yredelemnul does not appreciate desertion!
Yredelemnul reclaims all of your granted undead slaves!
You die...

#####################
#...@....(.<........#
#.###(###.###.#####.#
#.........##.#.####..
#.###.###...#........
#.# #...........####.
#.# #..##†#.#.### #.
#.# #..##.#.#>### ##.
#.###..##(#.#...###..
###.........#.###.#....


There were no monsters in sight!

Vanquished Creatures
  The ghost of LupusAter the Cleaver, a novice FoFi (D:8)
  Pikel (D:4)
  A troll (D:9)
  A dream sheep (D:9)
  2 hippogriffs
  A hornet zombie (D:8)
  An eye of draining (D:8)
  A black bear (D:8)
  2 orc warriors
  4 phantoms
  5 ogres
  3 elf zombies
  2 big kobolds
  5 bullfrogs
  An elf skeleton (D:8)
  3 scorpions
  A water moccasin skeleton (D:8)
  5 killer bees (D:8)
  3 howler monkeys
  2 crimson imps
  4 hounds
  4 jellies
  2 centaur skeletons (D:8)
  A bullfrog skeleton (D:10)
  A gnoll shaman (D:5)
  An iguana (D:8)
  5 worker ants
  2 human skeletons (D:8)
  An orc wizard (D:9)
  6 big kobold zombies (Ossuary)
  2 hound zombies
  4 mummies (Ossuary)
  12 adders
  7 gnolls
  2 shadow imps (D:8)
  An ooze (D:3)
  2 adder zombies
  An adder skeleton (D:6)
  3 worms
  A dart slug (D:1)
  6 leopard geckos
  22 orcs
  7 giant cockroaches
  8 goblins
  8 hobgoblins
  13 jackals
  5 quokkas
  9 bats
  A gnoll zombie (Ossuary)
  A jackal zombie (Ossuary)
  14 kobolds
  A leopard gecko zombie (D:5)
  6 orc skeletons (D:8)
  An orc zombie (D:8)
  A quokka skeleton (D:7)
  7 rats
217 creatures vanquished.

Vanquished Creatures (collateral kills)
  A wyvern (D:9)
  A killer bee (D:9)
  An orc (D:9)
3 creatures vanquished.

Vanquished Creatures (others)
  A troll zombie (D:9)
  An adder (D:4)
  A leopard gecko (D:4)
  A goblin (D:4)
  A hobgoblin (D:4)
  2 plants (D:9)
7 creatures vanquished.

Grand Total: 227 creatures vanquished

Notes
Turn   | Place    | Note
-------+----------+-------------------------------------------
     0 | D:1      | Minion the Minotaur Gladiator began the quest for the Orb.
     0 | D:1      | Reached XP level 1. HP: 18/18 MP: 0/0
   228 | D:1      | Reached XP level 2. HP: 13/25 MP: 1/1
   788 | D:2      | Reached skill level 1 in Armour
   886 | D:2      | Reached XP level 3. HP: 30/30 MP: 2/2
   924 | D:2      | Reached skill level 5 in Axes
   936 | D:2      | Reached XP level 4. HP: 11/37 MP: 3/3
  1299 | D:2      | Found a runed door.
  1913 | D:3      | Reached skill level 1 in Polearms
  2438 | D:3      | Reached skill level 2 in Polearms
  2478 | D:3      | Found a deep blue altar of Sif Muna.
  2613 | D:3      | Reached XP level 5. HP: 42/42 MP: 4/4
  2988 | D:4      | Found a staircase to the Ecumenical Temple.
  2988 | D:4      | Noticed a slave
  2989 | D:4      | Noticed a slave
  2990 | D:4      | Noticed Pikel
  3005 | D:4      | Noticed a slave
  3010 | D:4      | Killed Pikel
  3010 | D:4      | Reached skill level 5 in Polearms
  3010 | D:4      | Reached skill level 5 in Dodging
  3010 | D:4      | Reached XP level 6. HP: 18/50 MP: 5/5
  3010 | D:4      | Reached XP level 7. HP: 20/56 MP: 6/6
  3327 | Temple   | Entered the Ecumenical Temple
  3422 | Temple   | Became a worshipper of Yredelemnul the Dark
  3933 | D:4      | Reached skill level 6 in Polearms
  4182 | D:5      | Entered Level 5 of the Dungeon
  4258 | D:5      | Reached skill level 5 in Armour
  4474 | D:5      | Reached skill level 7 in Polearms
  4474 | D:5      | Reached skill level 1 in Shields
  4474 | D:5      | Reached XP level 8. HP: 39/62 MP: 7/7
  4534 | D:5      | Reached * piety under Yredelemnul
  4836 | D:5      | Found a blossoming altar of Fedhas.
  5107 | D:6      | Noticed a hippogriff
  5113 | D:6      | Killed a hippogriff
  5113 | D:6      | Reached skill level 8 in Polearms
  5711 | D:7      | Found an iron altar of Okawaru.
  5788 | D:7      | Found Luwako Oteud's Assorted Antiques.
  5796 | D:7      | Bought a potion of curing for 96 gold pieces
  5805 | D:7      | Found Deawig's Antique Weapon Shoppe.
  5809 | D:7      | Found Sostayqu's Assorted Antiques.
  5854 | D:7      | Found Hecyn's Assorted Antiques.
  5904 | D:7      | Reached skill level 9 in Polearms
  6094 | D:7      | Found Jeumaett's Assorted Antiques.
  6206 | D:7      | Reached XP level 9. HP: 60/68 MP: 8/8
  6275 | D:8      | Reached ** piety under Yredelemnul
  6376 | D:8      | Reached skill level 5 in Shields
  6423 | D:8      | Identified the Papyrus of Levity
  6503 | D:8      | Found a sand-covered staircase.
  6524 | Ossuary  | Entered an ossuary
  6581 | Ossuary  | Reached skill level 10 in Polearms
  7256 | D:8      | Reached *** piety under Yredelemnul
  7282 | D:8      | Reached skill level 1 in Invocations
  7353 | D:8      | Noticed LupusAter's ghost (novice FoFi)
  7388 | D:8      | Gained mutation: Your muscles are strong. (Str +2) [potion of mutation]
  7388 | D:8      | Gained mutation: Your body sometimes deteriorates upon taking damage. [potion of mutation]
  7388 | D:8      | Gained mutation: Scrolls take you a little longer to read. [potion of mutation]
  7411 | D:8      | Killed LupusAter's ghost
  7411 | D:8      | Reached skill level 11 in Polearms
  7482 | D:8      | Reached XP level 10. HP: 47/74 MP: 10/10
  8310 | D:9      | Found a staircase to the Lair.
  8362 | D:9      | Noticed Jerry's ghost (novice TrMo)
  8559 | D:10     | Entered Level 10 of the Dungeon
  8783 | D:10     | Found a runed door.
  8795 | D:10     | Found a runed door.
  8806 | D:10     | Found a runed door.
  8823 | D:10     | Found a runed door.
  8925 | D:10     | Found Kauzixiz's Armour Shoppe.
  9155 | D:10     | Noticed Sonja
  9181 | D:10     | HP: 1/74 [poisoned by Sonja (curare-tipped needle)]
  9182 | D:10     | Fell from the grace of Yredelemnul
  9182 | D:10     | Succumbed to Sonja's curare-tipped needle

Skill      XL: |  1  2  3  4  5  6  7  8  9 10 |
---------------+-------------------------------+-----
Axes           | 4 5 |  5.1
Armour         | 1 2 4 5 |  5.0
Dodging        | 4 5 7 |  7.0
Polearms       | 2 5 7 9 11 | 11.4
Shields        | 1 4 8 9 |  9.9
Invocations    | 2 3 |  3.9
Fighting       | |  2.4
Throwing       | |  2.0

Action                   |  1- 3 |  4- 6 |  7- 9 | 10-12 || total
-------------------------+-------+-------+-------+-------++-------
Melee: War axe           |    68 |       |       |       ||    68
       Headbutt          |     7 |    17 |   136 |    38 ||   198
       Spear             |       |   111 |   624 |   168 ||   903
Invok: Animate Remains   |       |       |     1 |       ||     1
       Injury Mirror     |       |       |     1 |     3 ||     4
       Animate Dead      |       |       |       |     1 ||     1
       Renounce Religion |       |       |       |     1 ||     1
Evoke: Wand              |       |       |     6 |       ||     6
  Use: Potion            |     2 |       |    10 |     5 ||    17
       Scroll            |       |       |    14 |     4 ||    18
 Stab: Sleeping          |       |       |       |     1 ||     1
  Eat: Chunk             |       |     7 |    12 |     6 ||    25
       Beef jerky        |       |       |     2 |       ||     2
Armor: Leather armour    |    16 |       |       |     2 ||    18
       Chain mail        |       |    17 |    86 |    25 ||   128
Dodge: Dodged            |    75 |    42 |   224 |    45 ||   386
Block: Buckler           |       |    13 |    28 |       ||    41
       Shield            |       |       |   119 |    51 ||   170
